 Dungeon Crawl Stone Soup version 0.21.0-3-g78d12a8 (webtiles) character file.

0 Monsterracer the Stinger (level 1, 0/14 HPs)
             Began as a Ghoul Venom Mage on Jan 13, 2018.
             Slain by a hobgoblin (2 damage)
             ... on level 1 of the Dungeon.
             The game lasted 00:00:13 (28 turns).

Monsterracer the Stinger (Ghoul Venom Mage)           Turns: 28, Time: 00:00:14

Health: 0/14       AC:  2    Str: 11    XL:     1   Next: 10%
Magic:  0/2        EV: 12    Int: 10    God:
Gold:   18         SH:  0    Dex:  9    Spells: 2/3 levels left

rFire    . . .     SeeInvis .   (no weapon)
rCold    + . .     Gourm    .   (no shield)
rNeg     + + +     Faith    .   a - +0 robe
rPois    ∞         Spirit   .   (no helmet)
rElec    .         Reflect  .   (no cloak)
rCorr    .         Harm     .   (no gloves)
MR       .....                  (no boots)
Stlth    ++........             (no amulet)
HPRegen  0.00/turn              (no ring)
MPRegen  0.08/turn              (no ring)

@: rotting
A: rotting body, claws 1, carnivore, cold resistance 1, negative energy
resistance 3, inhibited regeneration, torment resistance, unbreathing
a: no special abilities


You were on level 1 of the Dungeon.
You were not hungry.

You visited 1 branch of the dungeon, and saw 1 of its levels.

You collected 18 gold pieces.

Inventory:

Armour
 a - a +0 robe (worn)
Comestibles
 c - a ration


   Skills:
 - Level 1.7 Dodging
 - Level 2.1 Stealth
 + Level 0.2 Unarmed Combat
 - Level 1.7 Spellcasting
 - Level 0.7 Conjurations
 - Level 3.0 Poison Magic


You had 2 spell levels left.
You knew the following spells:

 Your Spells              Type           Power        Failure   Level  Hunger
a - Sting                 Conj/Pois      #...         16%         1    ##.....


Dungeon Overview and Level Annotations

Branches:
Dungeon (1/15)

Altars:


Innate Abilities, Weirdness & Mutations

Your body is rotting away.
You thrive on raw meat.
You are immune to poison.
You have sharp fingernails.
You are carnivorous and can eat meat at any time.
Your flesh is cold resistant. (rC+)
You are immune to negative energy. (rN+++)
You do not regenerate when monsters are visible.
You are immune to unholy pain and torment.
You can survive without breathing.


Message History

Welcome, Monsterracer the Ghoul Venom Mage.
Will you be the one to retrieve the fabulous Orb of Zot from the depths?
Press ? for a list of commands and other information.
Found 18 gold pieces.
Found a staircase leading out of the dungeon.
Drop what? 3/52 slots (_ for help) (? for menu, Esc to quit)
You drop a Young Poisoner's Handbook.
You now have 18 gold pieces.
A hobgoblin comes into view.
A rat comes into view.
The hobgoblin barely misses you.
You scratch the hobgoblin but do no damage.
The hobgoblin completely misses you.
You closely miss the hobgoblin. The hobgoblin hits you.
You take 1 damage, and have 13/14 hp.
You barely miss the hobgoblin. The hobgoblin hits you.
You take 1 damage, and have 12/14 hp.
You scratch the hobgoblin.
The hobgoblin is heavily wounded.
The hobgoblin barely misses you.
You closely miss the hobgoblin.
The hobgoblin is heavily wounded.
The hobgoblin hits you.
You take 1 damage, and have 11/14 hp.
You scratch the hobgoblin but do no damage.
The hobgoblin is heavily wounded.
The hobgoblin closely misses you.
You scratch the hobgoblin but do no damage.
The hobgoblin is heavily wounded.
The hobgoblin barely misses you.
You barely miss the hobgoblin.
The hobgoblin is heavily wounded.
The rat bites you but does no damage. The hobgoblin hits you.
* * * LOW HITPOINT WARNING * * *
You take 4 damage, and have 7/14 hp.
MASSIVE DAMAGE!!
The rat closely misses you. The hobgoblin closely misses you.
You barely miss the rat. The rat barely misses you.
The hobgoblin completely misses you. The rat closely misses you.
The rat bites you but does no damage.
Found a robe.
You closely miss the rat. The rat completely misses you.
You closely miss the rat. The rat closely misses you.
Casting: Sting
Confirm with . or Enter, or press ? or * to list all spells.
Aiming: Sting
Press: ? - help, Shift-Dir - straight line, f - rat
Aim: a rat The sting hits the rat.
The rat is severely wounded.
The rat bites you.
* * * LOW HITPOINT WARNING * * *
You take 2 damage, and have 5/14 hp.
You now have 1/2 mp.
Casting: Sting
Confirm with . or Enter, or press ? or * to list all spells.
Aiming: Sting
Press: ? - help, Shift-Dir - straight line, f/p - rat
Aim: a rat (severely wounded)
The sting hits the rat.
The rat is poisoned.
You kill the rat!
You now have 0/2 mp.
You scratch the hobgoblin.
The hobgoblin is almost dead.
The hobgoblin hits you but does no damage.
You closely miss the hobgoblin.
The hobgoblin is almost dead.
The hobgoblin hits you.
* * * LOW HITPOINT WARNING * * *
You take 3 damage, and have 2/14 hp.
MASSIVE DAMAGE!!
You scratch the hobgoblin but do no damage.
The hobgoblin is almost dead.
You barely miss the hobgoblin.
The hobgoblin is almost dead.
The hobgoblin hits you.
You die...

#.. #.# ##.##
####...####
###.........####
.......<.......#
###.........####..
####...####...#
#####.##.##@...[#
..........g###..#
#####.......# #
............#
............#
.....########
..... ####


You could see a hobgoblin.

Vanquished Creatures
  A rat (D:1)
1 creature vanquished.

Notes
Turn   | Place    | Note
-------+----------+-------------------------------------------
     0 | D:1      | Monsterracer the Ghoul Venom Mage began the quest for the Orb.
     0 | D:1      | Reached XP level 1. HP: 14/14 MP: 2/2
    14 | D:1      | HP: 7/14 [hobgoblin (4)]
    23 | D:1      | HP: 5/14 [rat (2)]
    26 | D:1      | HP: 2/14 [hobgoblin (3)]
    28 | D:1      | Slain by a hobgoblin

Action                   || total
-------------------------++-------
Melee: Unarmed           ||    15
 Cast: Sting             ||     2
Armor: Robe              ||     3
Dodge: Dodged            ||    12

Vault maps used:
D:1:      dpeg_arrival_rhombus, interstate_on_off, serial_bayou_pond_d,
          st_stairs_14
